 Dungeon Crawl Stone Soup version 0.30.1-9-gdf580d7c3d (webtiles) character file.

Game seed: 1360819239251252284

6475 MacCMillion the Cleaver (level 11, -3/94 HPs)
             Began as a Ghoul Fighter on Oct 20, 2023.
             Was a Believer of Makhleb.
             Killed by divine providence
             ... invoked by an orc priest
              (14 damage)
             ... on level 10 of the Dungeon.
             The game lasted 00:20:31 (14003 turns).

MacCMillion the Cleaver (Ghoul Fighter)            Turns: 14003, Time: 00:20:32

Health: -3/94      AC: 15    Str: 25    XL:     11   Next: 0%
Magic:  13/13      EV:  8    Int:  3    God:    Makhleb [**....]
Gold:   602        SH:  4    Dex:  8    Spells: 10/10 levels left

rFire   . . .        b - +3 hand axe
rCold   + . .        c - +0 buckler
rNeg    + + +        P - +0 chain mail
rPois   ∞            A - +1 helmet
rElec   .            (no cloak)
rCorr   .            e - +0 pair of gloves
SInv    .            q - +0 pair of boots
Will    .....        (no amulet) Stlth
                     (no ring)
HPRegen 0.00/turn    (no ring)
MPRegen 0.13/turn

%: no passive effects
@: inhibited regen
A: claws 1, cold resistance 1, negative energy resistance 3, inhibited
regeneration, torment resistance 2, devour on kill
a: Renounce Religion, Minor Destruction


You were on level 10 of the Dungeon.
You worshipped Makhleb.
Makhleb was pleased with you.
You visited 2 branches of the dungeon, and saw 11 of its levels.

You collected 602 gold pieces.

Inventory:

Hand Weapons
 a - a +0 war axe
 b - a +3 hand axe (weapon)
 g - a +0 hand axe
 n - a +3 whip of electrocution
 v - a +0 broad axe
 y - the +5 sling of Wuntyliu {drain, Dex+3}
   (You found it on level 4 of the Dungeon)

   Dex:       It affects your dexterity (+3).
Missiles
 u - 4 javelins (quivered)
 J - a curare-tipped dart
 K - 13 poisoned darts
 L - 2 boomerangs
 N - 2 throwing nets
Armour
 c - a +0 buckler (worn)
 e - a +0 pair of gloves (worn)
 q - a +0 pair of boots (worn)
 A - a +1 helmet (worn)
 P - a +0 chain mail (worn)
Wands
 B - a wand of mindburst (17)
 Q - a wand of roots (11)
 R - a wand of charming (4)
Scrolls
 i - 2 scrolls of noise {unknown}
 l - 3 scrolls of magic mapping
 m - 4 scrolls of teleportation
 o - a scroll of enchant armour
 p - 3 scrolls of vulnerability {unknown}
 r - 3 scrolls of poison
 t - 2 scrolls of immolation {unknown}
 x - a scroll of silence
 C - 2 scrolls of fear {unknown}
 D - 3 scrolls of amnesia {unknown}
 E - a scroll of identify
 F - a scroll of butterflies
 M - a scroll of enchant weapon
Potions
 d - 4 potions of might
 f - 3 potions of lignification
 h - a potion of invisibility {unknown}
 j - 3 potions of curing
 k - a potion of mutation {unknown}
 s - a potion of ambrosia {unknown}
 w - 4 potions of degeneration
 z - a potion of cancellation {unknown}
 G - a potion of attraction {unknown}
 H - a potion of haste {unknown}
 I - 3 potions of flight {unknown}
 O - a potion of magic {unknown}


   Skills:
 + Level 7.8 Fighting
 + Level 11.6 Axes
 + Level 6.6 Armour
 - Level 4.0 Shields
 - Level 4.1 Invocations


You had 10 spell levels left.
You didn't know any spells.
Your spell library contained the following spells:

 Spells                   Type           Power      Damage    Failure   Level
 Static Discharge         Conj/Air       0%         2-2/arc   99%         2
 Call Canine Familiar     Summ           0%         N/A       100%        3
 Inner Flame              Hex/Fire       0%         N/A       100%        3
 Portal Projectile        Hex/Tloc       0%         N/A       100%        3
 Airstrike                Air            0%         2d(0-16)  100%        4
 Flame Wave               Conj/Fire      0%         2d4       100%        4
 Leda's Liquefaction      Hex/Erth       0%         N/A       100%        4
 Sticky Flame             Conj/Fire      0%         2d3       100%        4
 Summon Lightning Spire   Summ/Air       0%         N/A       100%        4


Dungeon Overview and Level Annotations

Branches:
Dungeon (10/15)            Temple (1/1) D:7            Lair (0/5) D:10
    Orc: D:9-12

Altars:
Ashenzari
Cheibriados
Dithmenos
Fedhas
Gozag
Hepliaklqana
Kikubaaqudgha
Makhleb
Nemelex Xobeh
Okawaru
Qazlal
Ru
Sif Muna
Trog
Uskayaw
Vehumet
Wu Jian
Xom

Shops:
D:3 *

Portals:
Abyss: D:6

Annotations:
D:2 1 runed translucent door, Crazy Yiuf
D:6 2 transporters, ruby's ghost, novice DEFE


Innate Abilities, Weirdness & Mutations

You are immune to poison.
You have sharp fingernails.
Your flesh is cold resistant. (rC+)
You are immune to negative energy. (rN+++)
You do not regenerate when monsters are visible.
You are immune to unholy pain and torment.
You thrive by killing the living.


Message History

The orc warrior is heavily wounded.
The orc shouts!
The orc warrior hits you but does no damage.
You hit the orc warrior but do no damage.
The orc warrior is heavily wounded.
The orc warrior closely misses you.
Okay, then.
You hit the orc warrior but do no damage.
The orc warrior is heavily wounded.
The orc warrior hits you with a +0 dire flail.
You hit the orc warrior but do no damage.
The orc warrior is heavily wounded.
You slash the orc warrior!
The orc warrior is almost dead.
The orc warrior hits you with a +0 dire flail!
You barely miss the orc warrior.
The orc warrior is almost dead.
The orc warrior hits you with a +0 dire flail.
* * * LOW HITPOINT WARNING * * *
You hit the orc warrior but do no damage.
The orc warrior is almost dead.
The orc warrior hits you but does no damage.
You hit the orc warrior but do no damage.
The orc warrior is almost dead.
You hit the orc warrior.
You kill the orc warrior!
Makhleb accepts your kill.
You feel better.
You have reached level 11!
The orc priest attacks as you move away!
You block the orc priest's attack.
The orc priest attacks as you move away!
The orc priest hits you but does no damage.
The orc priest mumbles some strange prayers to Beogh against you.
Beogh smites you!
* * * LOW HITPOINT WARNING * * *
The orc priest miscasts a cantrip.
The orc priest calls down the wrath of Beogh upon you.
Beogh smites you!
You die...

####'#### #o##### .#
#.## #.....# # #..#
#####.## ##.# #..#
#####'### ##.#
........# #####o#
........##### #.....#
........'...####.....#
...<....###....#@....#
..).....# ####.......#
........# ###.....#
######### #......#
########


You could see an orc priest.

Vanquished Creatures
  A necromancer (D:8)
  A shadow (D:10)
  4 yaks (D:9)
  2 wraiths (D:9)
  2 humans (D:8)
  A steam dragon (D:8)
  Menkaure (D:5)
  2 orc warriors (D:10)
  2 sky beasts
  A black bear (D:7)
  2 ice beasts
  6 ogres
  4 centaurs
  A phantom (D:6)
  3 bullfrogs
  A kobold brigand (D:6)
  3 scorpions
  16 wights
  8 killer bees
  3 howler monkeys (D:9)
  2 hounds (D:5)
  A jelly (D:5)
  A gnoll bouda (D:7)
  7 orc priests
  5 iguanas
  Natasha (thrice) (D:2)
  Terence (D:2)
  7 orc wizards
  5 polar bear simulacra (D:9)
  3 yak simulacra (D:9)
  2 wolf simulacra (D:9)
  5 gnolls (D:7)
  7 adders
  2 white imps
  An ufetubus (D:4)
  A worm (D:2)
  4 dart slugs
  49 orcs
  4 ball pythons
  8 endoplasms
  2 giant cockroaches
  9 goblins
  5 hobgoblins
  4 jackals
  3 quokkas
  3 bats (D:1)
  4 frilled lizards
  17 kobolds
  5 rats
  A river rat simulacrum (D:9)
235 creatures vanquished.

Vanquished Creatures (others)
  An orc (D:8)
1 creature vanquished.

Grand Total: 236 creatures vanquished

Notes
Turn   | Place    | Note
-------+----------+-------------------------------------------
     0 | D:1      | MacCMillion the Ghoul Fighter began the quest for the Orb.
     0 | D:1      | Reached XP level 1. HP: 19/19 MP: 0/0
   133 | D:1      | Reached skill level 2 in Axes
   218 | D:1      | Reached XP level 2. HP: 26/26 MP: 1/1
   737 | D:2      | Noticed Natasha
   747 | D:2      | Killed Natasha
   748 | D:2      | Reached XP level 3. HP: 31/31 MP: 2/2
   891 | D:2      | Noticed Natasha
   896 | D:2      | Killed Natasha
   897 | D:2      | Reached skill level 3 in Axes
   897 | D:2      | Reached XP level 4. HP: 38/38 MP: 3/3
  1108 | D:2      | Noticed Natasha
  1114 | D:2      | Killed Natasha
  1281 | D:2      | Reached XP level 5. HP: 45/45 MP: 4/4
  1411 | D:2      | Noticed Terence
  1520 | D:3      | Found Axafaeriets's Assorted Antiques.
  1896 | D:3      | Reached skill level 4 in Axes
  2301 | D:4      | Noticed an ogre
  2526 | D:4      | Identified the +5 sling of Wuntyliu {drain, Dex+3}
  2536 | D:4      | Noticed an ice beast
  2560 | D:4      | Killed an ice beast
  2561 | D:4      | Reached skill level 5 in Axes
  2561 | D:4      | Reached XP level 6. HP: 51/51 MP: 5/5
  3320 | D:4      | Reached XP level 7. HP: 57/57 MP: 6/6
  3326 | D:4      | Found a shimmering blue altar of Sif Muna.
  3392 | D:4      | Reached skill level 6 in Axes
  3588 | D:5      | Entered Level 5 of the Dungeon
  3636 | D:5      | Noticed Menkaure
  3656 | D:5      | Killed Menkaure
  3660 | D:5      | Reached skill level 7 in Axes
  3982 | D:5      | Reached XP level 8. HP: 63/63 MP: 7/7
  4223 | D:5      | Reached skill level 8 in Axes
  4313 | D:5      | Found an ornate altar of the Wu Jian Council.
  4494 | D:5      | Found a sparkling altar of Nemelex Xobeh.
  4556 | D:5      | Found a shimmering altar of Xom.
  4906 | D:2      | Killed Terence
  4979 | D:2      | Found a runed translucent door.
  4980 | D:2      | Noticed Crazy Yiuf
  5195 | D:6      | Reached skill level 9 in Axes
  5353 | D:6      | Found a one-way gate to the infinite horrors of the Abyss.
  5353 | D:6      | Noticed ruby's ghost (novice DEFE)
  5359 | D:6      | Noticed a wizard
  5405 | D:6      | Found a transporter.
  5407 | D:6      | Found a transporter.
  5858 | D:6      | Reached skill level 10 in Axes
  5858 | D:6      | Reached XP level 9. HP: 12/70 MP: 8/8
  6750 | D:7      | Found a hazy altar of Hepliaklqana.
  6787 | D:7      | Found a staircase to the Ecumenical Temple.
  6833 | Temple   | Entered the Ecumenical Temple
  6927 | Temple   | Became a worshipper of Makhleb the Destroyer
  6979 | D:7      | Reached skill level 1 in Invocations
  8449 | D:7      | Reached skill level 5 in Fighting
  8925 | D:8      | HP: 3/74 [steam dragon/ball of steam (11)]
  8926 | D:8      | HP: 1/74 [wight/+3 hand axe (2)]
  9331 | D:8      | Identified the +0 leather armour of Generosity {rPois rC-
                  | rN+ Str+3 Stlth+}
  9409 | D:8      | Reached XP level 10. HP: 75/83 MP: 11/11
 10120 | D:8      | Found an iron altar of Okawaru.
 10362 | D:9      | Reached skill level 5 in Armour
 11077 | D:9      | Reached skill level 11 in Axes
 11311 | D:9      | Noticed a necromancer
 11344 | D:8      | Killed a necromancer
 12374 | D:9      | Reached * piety under Makhleb
 13262 | D:10     | Entered Level 10 of the Dungeon
 13262 | D:10     | Found a staircase to the Lair.
 13376 | D:10     | Reached ** piety under Makhleb
 13960 | D:10     | Found a bloodstained altar of Trog.
 13993 | D:10     | Reached XP level 11. HP: 24/94 MP: 13/13
 14003 | D:10     | Killed from afar by an orc priest

Illustrated notes

Levels and vault maps discovered:
D:1:      roderic_octagonal_star, layout_basic, grunt_decor_fettered
D:2:      layout_loops_cross, chequers_jeans, uniq_natasha,
          uniq_crazy_yiuf_cottage, uniq_terence
D:3:      layout_rooms, serial_shops, shop, minmay_goblin_kobold_house
D:4:      layout_basic, kennysheep_orc_sif_temple, serial_co_window_serial,
          co_window_corner_a, co_window_paths_b, co_window_of_opportunity_a,
          co_window_paths_a, co_window_of_opportunity_a,
          co_window_unsneaky_path_a, co_window_broadway_a, co_window_2corner,
          co_window_of_opportunity_b, glass_columns_a, glass_columns_b
D:5:      layout_gridville, mainiacjoe_overflow_six_doors_small,
          overflow_temple_1_default, nemelex_dance_club_becter,
          nicolae_kite_square_tiling_tiny, minmay_misc_feat_room, uniq_menkaure
D:6:      layout_basic, gammafunk_ghost_abyssal_escape
D:7:      layout_gridville, nicolae_hepliaklqana_hazy_memory,
          minmay_temple_entry_hall
D:8:      layout_basic, okawaru_humans, minivault_22
D:9:      layout_basic, eino_house_with_fridge
D:10:     layout_roguey [special_room_orc],
          mainiacjoe_overflow_concentric_impassable, lightli_temple_of_fire,
          lair_entry_dummy, nicolae_shop_dragon_depot, minmay_increasing_density
Temple:   nicolae_temple_great_sept

Skill      XL: |  1  2  3  4  5  6  7  8  9 10 |
---------------+-------------------------------+-----
Axes           | 2 3 5 7 10 11 | 11.6
Shields        | 3 4 |  4.0
Armour         | 4 6 |  6.6
Fighting       | 5 7 |  7.8
Invocations    | 3 4 |  4.1

Action                     |  1- 3 |  4- 6 |  7- 9 | 10-12 || total
---------------------------+-------+-------+-------+-------++-------
  Melee: War axe           |    39 |       |   135 |       ||   174
         Hand axe          |    20 |       |    45 |   389 ||   454
         Whip              |    25 |   161 |   149 |       ||   335
   Fire: Sling             |       |     9 |    39 |       ||    48
    Use: Scroll            |       |     4 |       |     7 ||    11
         Potion            |       |       |     4 |     3 ||     7
 Armour: Scale mail        |    48 |    49 |   101 |       ||   198
         Chain mail        |       |       |    48 |   209 ||   257
  Dodge: Dodged            |    58 |    57 |   137 |   119 ||   371
  Block: Buckler           |    22 |    19 |    58 |    56 ||   155
